 Dungeon Crawl Stone Soup version 0.28-a0-823-gb444dcf96d (webtiles) character file.

Game seed: 82840645127315449

179 ytrimaz the Covered (level 5, -8/42 HPs)
             Began as a Formicid Fighter on Nov 9, 2021.
             Mangled by an ogre (10 damage)
             ... on level 4 of the Dungeon.
             The game lasted 00:02:30 (3212 turns).

ytrimaz the Covered (Formicid Fighter)              Turns: 3212, Time: 00:02:31

Health: -8/42      AC:  8    Str: 21    XL:     5   Next: 90%
Magic:  5/5        EV: 10    Int:  8    God:
Gold:   117        SH:  4    Dex: 10    Spells: 4/4 levels left

rFire   . . .      SeeInvis +   a - +0 war axe
rCold   . . .      Faith    .   c - +0 buckler
rNeg    . . .      Spirit   .   b - +1 scale mail
rPois   .          Reflect  .   (helmet unavailable)
rElec   .          Harm     .   (no cloak)
rCorr   .          Rampage  .   (no gloves)
Will    .....                   (no boots)
Stlth   ..........              (no amulet)
HPRegen 0.14/turn               (no ring)
MPRegen 0.09/turn               (no ring)

@: no status effects
A: permanent stasis, dig shafts and tunnels, antennae 3, four strong arms
a: Dig, Shaft Self


You were on level 4 of the Dungeon.
You visited 1 branch of the dungeon, and saw 4 of its levels.

You collected 165 gold pieces.
You spent 48 gold pieces at shops.

Inventory:

Hand Weapons
 a - a +0 war axe (weapon)
Armour
 b - a +1 scale mail (worn)
 c - a +0 buckler (worn)
Scrolls
 e - a scroll of vulnerability
 l - a scroll of fog
Potions
 g - a potion of attraction {unknown}


   Skills:
 + Level 3.8 Fighting
 * Level 4.1 Axes
 + Level 4.3 Armour
 * Level 1.7 Dodging
 - Level 3.6 Shields


You had 4 spell levels left.
You didn't know any spells.
Your spell library contained the following spells:

 Spells                   Type           Power      Damage    Failure   Level
 Animate Skeleton         Necr           0%         N/A       75%         1
 Apportation              Tloc           0%         N/A       75%         1
 Magic Dart               Conj           0%         1d3       75%         1
 Summon Small Mammal      Summ           0%         N/A       75%         1
 Call Imp                 Summ           0%         N/A       86%         2
 Call Canine Familiar     Summ           0%         N/A       98%         3
 Mephitic Cloud           Conj/Pois/Air  0%         N/A       98%         3
 Portal Projectile        Hex/Tloc       0%         N/A       98%         3
 Leda's Liquefaction      Hex/Erth       0%         N/A       100%        4


Dungeon Overview and Level Annotations

Branches:
Dungeon (4/15)
 Temple: D:4-7

Altars:
Qazlal
Wu Jian

Shops:
D:3 (?


Innate Abilities, Weirdness & Mutations

You cannot be hasted, slowed, berserked, paralysed or teleported.
You can dig through walls and to a lower floor.
You have a pair of large antennae on your head. (SInv)
Your four strong arms can wield two-handed weapons with a shield.


Message History

You slash the water moccasin skeleton!
The water moccasin skeleton is severely damaged.
The water moccasin skeleton bites you but does no damage. x2
You closely miss the water moccasin skeleton.
The water moccasin skeleton is severely damaged.
The water moccasin skeleton bites you.
You slash the water moccasin skeleton!
The water moccasin skeleton is almost destroyed.
You block the water moccasin skeleton's attack. x2
You barely miss the water moccasin skeleton.
The water moccasin skeleton is almost destroyed.
You block the water moccasin skeleton's attack. x2
You barely miss the water moccasin skeleton.
The water moccasin skeleton is almost destroyed.
The water moccasin skeleton bites you.
You slash the water moccasin skeleton!
You destroy the water moccasin skeleton!
Your Axes skill increases to level 4!
Things that are here:
an adder skeleton; an adder skeleton You sense a monster nearby.
There is a stone staircase leading down here.
The ogre shouts!
An ogre is nearby!
An ogre is nearby!
An ogre is nearby!
There is a stone staircase leading down here.
A ball python comes into view.
The ogre hits you with a +0 giant club!
You hit the ogre.
The ogre is lightly wounded.
The ogre hits you with a +0 giant club!
You closely miss the ogre.
The ogre is lightly wounded.
The ogre hits you with a +0 giant club!!
* * * LOW HITPOINT WARNING * * *
Unknown command.
Are you sure you want to shaft yourself?
The ogre hits you with a +0 giant club!
You die...

#############
#...#........ #<#.#@#
########.#O#
#........#S#
#.########.# #.#<...#
#.# #.###.#.##.# #.#
#....#.##รท# #.#
#.###.####.###.#######
#.####.>###............


You could see an ogre and a ball python.

Vanquished Creatures
  A water moccasin skeleton (D:4)
  5 gnolls
  4 adders
  A worm (D:3)
  3 endoplasms
  2 giant cockroaches
  5 goblins
  4 hobgoblins
  5 kobolds
  4 quokkas
  4 ball pythons
  2 bats (D:1)
  4 frilled lizards
  5 rats
49 creatures vanquished.

Notes
Turn   | Place    | Note
-------+----------+-------------------------------------------
     0 | D:1      | ytrimaz the Formicid Fighter began the quest for the Orb.
     0 | D:1      | Reached XP level 1. HP: 18/18 MP: 1/1
    66 | D:1      | Reached XP level 2. HP: 22/24 MP: 2/2
   156 | D:1      | Found a faded altar of an unknown god.
   183 | D:1      | You fall into a shaft and drop 1 floor!
   215 | D:2      | Reached XP level 3. HP: 29/29 MP: 3/3
   635 | D:1      | Reached skill level 1 in Dodging
   928 | D:1      | Reached XP level 4. HP: 36/36 MP: 4/4
  1475 | D:3      | Found a stormy altar of Qazlal.
  1572 | D:3      | Found Huongomn's Magic Scroll Boutique.
  1580 | D:3      | Bought a scroll of fog for 24 gold pieces
  1580 | D:3      | Bought a scroll of identify for 24 gold pieces
  1650 | D:3      | Found an ornate altar of the Wu Jian Council.
  1951 | D:3      | Found Rikaphecio's Weapon Shoppe.
  2150 | D:4      | Noticed an ogre
  2165 | D:3      | Reached XP level 5. HP: 9/42 MP: 5/5
  3207 | D:4      | HP: 1/42 [ogre (18)]
  3212 | D:4      | Mangled by an ogre

Illustrated notes

Levels and vault maps discovered:
D:1:      lemuel_arrival_river_bridge, layout_basic,
          ebering_ecumenical_altar_rust
D:2:      layout_rooms
D:3:      layout_loops_ring, pdpol_wu_jian_five_deadly_venoms,
          grunt_qazlal_sundering, serial_shops, shop, nicolae_shop_behind_doors,
          kennysheep_generic_room_8
D:4:      layout_basic, minmay_temple_entry_junction, uniq_robin

Skill      XL: |  1  2  3  4  5 |
---------------+----------------+-----
Dodging        | 1 |  1.7
Axes           | 3 4 |  4.1
Armour         | 4 |  4.3
Fighting       | |  3.8
Shields        | |  3.6

Action                   |  1- 3 |  4- 6 || total
-------------------------+-------+-------++-------
Melee: War axe           |    73 |   119 ||   192
 Abil: Shaft Self        |       |     1 ||     1
  Use: Scroll            |       |     6 ||     6
       Potion            |       |     1 ||     1
Armor: Scale mail        |    20 |    65 ||    85
Dodge: Dodged            |    37 |    53 ||    90
Block: Buckler           |    14 |    34 ||    48

Table legend: (Time is in decaauts)
 A = Elapsed time spent in this place.
 B = Non-inter-level travel time spent in this place.
 C = Inter-level travel time spent in this place.
 D = Time resting spent in this place.
 E = Time spent auto-exploring this place.
 F = Levels seen in this place.
 G = Mean time per level.
                   A        B        C        D        E       F      G
               +--------+--------+--------+--------+--------+-----+--------+
         Total |   3285 |   3225 |     60 |    834 |   1897 |   4 |  821.2 |
       Dungeon |   3285 |   3225 |     60 |    834 |   1897 |   4 |  821.2 |
               +--------+--------+--------+--------+--------+-----+--------+

Top non-repeatable levels by time:
     D:3: 1154 daAuts
     D:1: 956 daAuts
     D:4: 628 daAuts
     D:2: 545 daAuts
